 Dungeon Crawl Stone Soup version 0.17.0-28-g6e173f8 (webtiles) character file.

133 septik the Cudgeler (level 5, -2/32 HPs)
             Began as a Gargoyle Fighter on Nov 30, 2015.
             Killed by nerve-wracking pain
             ... invoked by Grinder
              (9 damage)
             ... on level 3 of the Dungeon.
             The game lasted 00:04:14 (2277 turns).

septik the Cudgeler (Gargoyle Fighter)              Turns: 2277, Time: 00:04:14

Health: -2/32      AC: 14    Str: 25    XL:     5   Next: 16%
Magic:  5/5        EV:  5    Int:  9    God:
Gold:   184        SH:  9    Dex:  9    Spells: 0 memorised, 4 levels left

rFire  . . .     SeeInvis .     a - +0 flail
rCold  . . .     Clarity  .     w - +0 chain mail
rNeg   + . .     SustAt   .     c - +0 shield
rPois  ∞         Gourm    .     H - +0 helmet
rElec  +         Spirit   .     (no cloak)
rCorr  .         Warding  .     (no gloves)
rMut   .         Stasis   .     (no boots)
MR     .....                    D - amulet of rage
Stlth  ..........               (no ring)
                                l - ring of stealth

@: mighty, not resistant to hostile enchantments, extremely unstealthy
A: negative energy resistance 1, electricity resistance, unbreathing,
petrification resistance, rot immunity, AC +4
a: Evoke Berserk Rage


You were on level 3 of the Dungeon.
You were not hungry.

You visited 1 branch of the dungeon, and saw 3 of its levels.

You collected 184 gold pieces.

Inventory:

Hand Weapons
 a - a +0 flail (weapon)
Missiles
 j - 77 stones (quivered)
 q - 5 javelins
Armour
 c - a +0 shield (worn)
 w - a +0 chain mail (worn)
 H - a +0 helmet (worn)
Jewellery
 l - a ring of stealth (left hand)
 D - an amulet of rage (around neck)
 E - an uncursed ring of fire
Wands
 y - a wand of digging (16)
Scrolls
 h - 2 scrolls of teleportation {unknown}
 n - a scroll of fog {unknown}
 p - 5 scrolls of identify {unknown}
 u - a scroll of blinking {unknown}
 v - a scroll of noise {unknown}
 z - a scroll of remove curse {unknown}
 A - a scroll of enchant weapon {unknown}
 C - 2 scrolls of amnesia {unknown}
 F - a scroll of enchant armour {unknown}
Potions
 b - a potion of poison {unknown}
 f - 2 potions of lignification {unknown}
 i - 2 potions of cancellation {unknown}
 m - a potion of magic {unknown}
 o - a potion of curing {unknown}
 r - 2 potions of heal wounds {unknown}
 t - 2 potions of degeneration {unknown}
 x - a potion of brilliance {unknown}
 B - 2 potions of agility {unknown}
Comestibles
 e - a bread ration
 g - 2 beef jerkies
 k - 2 meat rations
 s - a slice of pizza
 G - 6 chunks of flesh


   Skills:
 - Level 3.2 Fighting
 + Level 5.2 Maces & Flails
 - Level 3.2 Armour
 - Level 3.2 Shields


You had 4 spell levels left.
You didn't know any spells.

Dungeon Overview and Level Annotations

Branches:
Dungeon (3/15)

Altars:

Annotations:
D:3 Grinder


Innate Abilities, Weirdness & Mutations

You are resistant to torment.
Your stone body is resilient (AC +4).
You are immune to poison.
You resist negative energy.
You are resistant to electric shocks.
You can survive without breathing.
You are immune to petrification.
You are immune to rotting.


Message History

You hit Grinder.
Grinder is heavily wounded.
Grinder gestures at you. You resist with significant effort.
You sock Grinder!
Grinder is almost dead.
Grinder gestures at you.
You suddenly lose the ability to move!
Grinder gestures at you. Pain shoots through your body!
* * * LOW HITPOINT WARNING * * *
Grinder gestures.
Grinder blinks!
Some of the chunks of flesh in your inventory have rotted away.
Grinder gestures.
Grinder blinks!
You can move again.
Grinder gestures at you. Pain shoots through your body!
You die...

#...##### #.......##..... ##.##
#.......#####.. #.# ##......# #..
#.# ####### #....#.# #.. #.#
#.....# #.#.##.#####.. #.#
#.....## #............. #.#
#......# ##............ #.#
#......#####...##....... #)#
#......@5..>..########.. #.#
############..# #..
##.########### #.## #..
.............### #.# #..
##.##..#####...## #.# ###..
##.##..##.......## #.#######....
##..............÷####.##...##.###
#####..###......).[...#.....#....
#####............#####....>...##.


You could see Grinder.

Vanquished Creatures
  Ijyb (D:2)
  Robin (D:3)
  3 adders
  2 worms
  8 bats
  3 giant cockroaches
  10 goblins
  13 hobgoblins
  A quokka (D:2)
  A ball python (D:2)
  A giant gecko (D:1)
  A giant newt (D:1)
  6 kobolds
  11 rats
62 creatures vanquished.

Notes
Turn   | Place    | Note
--------------------------------------------------------------
     0 | D:1      | septik the Gargoyle Fighter began the quest for the Orb.
     0 | D:1      | Reached XP level 1. HP: 14/14 MP: 1/1
   171 | D:1      | Reached XP level 2. HP: 19/19 MP: 2/2
   918 | D:2      | Reached XP level 3. HP: 23/23 MP: 3/3
  1113 | D:2      | Noticed Ijyb
  1136 | D:2      | Killed Ijyb
  1136 | D:2      | Reached skill level 4 in Maces & Flails
  1136 | D:2      | Reached XP level 4. HP: 25/28 MP: 4/4
  2019 | D:3      | Noticed Robin
  2044 | D:3      | Killed Robin
  2044 | D:3      | Reached skill level 5 in Maces & Flails
  2044 | D:3      | Reached XP level 5. HP: 24/32 MP: 5/5
  2251 | D:3      | Noticed Grinder
  2260 | D:3      | Paralysed by Grinder for 7 turns
  2270 | D:3      | Paralysed by Grinder for 6 turns
  2277 | D:3      | Killed from afar by Grinder

Action                   |  1- 3 |  4- 6 || total
-------------------------+-------+-------++-------
Melee: Flail             |   122 |   163 ||   285
Throw: Stone             |     1 |       ||     1
  Use: Potion            |       |     1 ||     1
  Eat: Chunk             |     1 |     4 ||     5
